Map: Ever Dream LE

Players

Cheetje - Winner!

  • Race: Protoss Protoss
  • League: Diamond
  • Spawn Location: 7:00

BuzaLisk

  • Race: Terran Terran
  • League: Diamond
  • Spawn Location: 1:00

VOD

Have the link to the VOD?

Description

Time

  • Played on: Aug. 2, 2020, 2:31 p.m.
  • Length: 5:36
Show
View Real Time Build Order
Export as new Build Order

Cheetje Protoss - Winner!

Build Orders: Dark Templar Rush 

Get SALT Encoding   

  12  0:00  Probe  
  13  0:13  Probe  
  14  0:18  Pylon  
  14  0:25  Probe (Chrono Boost)  
  15  0:37  Probe (Chrono Boost)  
  15  0:40  Gateway  
  16  0:46  Probe (Chrono Boost)  
  16  0:49  Assimilator  
  17  0:51  Probe  
  18  0:59  Assimilator  
  18  1:03  Probe  
  19  1:15  Probe  
  20  1:27  Probe  
  20  1:30  Cybernetics Core  
  21  1:39  Probe, Pylon  
  22  1:51  Probe  
  23  2:04  Adept (Chrono Boost)  
  25  2:09  Warp Gate (Chrono Boost)  
  25  2:12  Twilight Council  
  25  2:37  Robotics Facility  
  25  2:40  Gateway  
  25  2:47  Adept (Chrono Boost), Gateway  
  25  2:49  Pylon  
  27  3:06  Dark Shrine  
  27  3:14  Pylon  
  24  3:52  Stalker x2  
  24  3:53  Stalker  
  22  4:18  Dark Templar x2  
  22  4:21  Zealot  
  22  4:22  Probe  
  29  4:35  Probe  
  28  4:42  Dark Templar  
  30  4:55  Stalker x2  
  30  4:56  Warp Prism (Chrono Boost)  
Show
View Real Time Build Order
Export as new Build Order

BuzaLisk Terran 

Build Orders:  

Get SALT Encoding   

  12  0:00  SCV  
  13  0:13  SCV  
  14  0:17  Supply Depot  
  14  0:40  Barracks  
  14  0:41  SCV  
  15  0:45  Refinery  
  15  0:53  SCV  
  16  1:15  Barracks  
  16  1:29  Supply Depot  
  16  1:31  Marine  
  17  1:40  Orbital Command  
  17  1:59  Marine  
  18  2:11  Barracks Tech Lab  
  18  2:17  Barracks  
  18  2:28  Factory  
  18  2:34  Concussive Shells  
  18  2:44  Marine  
  18  2:46  Marauder  
  21  3:08  Marauder  
  23  3:13  Marine  
  23  3:16  Hellion, Barracks Reactor  
  25  3:29  Marauder  
  27  3:35  Bunker  
  27  3:39  Marine  
  28  3:44  Hellion  
  30  4:00  Marine, Marauder  
  31  4:12  Hellion  
  31  4:15  Marine  
  32  4:22  Marauder  
  30  4:28  Engineering Bay  
  27  4:50  Hellion  
  26  4:54  Engineering Bay  
  16  5:30  Missile Turret  
Tags
 
Add a new tag
Caveats
  • Supply blocks, unpowered buildings, or Contaminate may cause inaccurate times.
  • Supply counts are checked every 10 seconds.